Map: Goldenaura LE

Players

jeannysu - Winner!

  • Race: Zerg Zerg
  • Spawn Location: 12:00

인공지능 칸 (정예)

  • Race: Zerg Zerg
  • Spawn Location: 5:00

VOD

Have the link to the VOD?

Description

Time

  • Played on: Oct. 2, 2025, 8:08 a.m.
  • Length: 11:27
Show
View Real Time Build Order
Export as new Build Order

jeannysu Zerg - Winner!

Build Orders: Hatch First 

Get SALT Encoding   

  12  0:00  Drone  
  13  0:12  Overlord  
  13  0:16  Drone  
  14  0:30  Drone x2  
  16  0:47  Hatchery  
  15  0:50  Drone  
  15  0:54  Drone  
  17  0:58  Drone  
  18  1:08  Extractor  
  17  1:15  Spawning Pool  
  17  1:18  Drone  
  17  1:20  Drone  
  18  1:28  Drone  
  19  1:39  Drone  
  20  1:49  Overlord  
  20  2:01  Queen x2  
  20  2:03  Zergling x2  
  20  2:04  Zergling x2  
  26  2:13  Metabolic Boost  
  26  2:16  Overlord  
  26  2:26  Drone x2  
  26  2:28  Drone  
  29  2:34  Baneling Nest  
  28  2:43  Queen  
  30  2:50  Spine Crawler  
  29  2:59  Zergling x6  
  32  3:14  Drone x3  
  35  3:20  Baneling x2  
  35  3:24  Drone  
  35  3:25  Drone x2  
  38  3:36  Queen  
  38  3:37  Overlord  
  38  3:40  Overlord  
  40  3:43  Drone  
  36  3:56  Zergling x2  
  36  3:57  Zergling x10  
  42  4:10  Drone  
  42  4:12  Drone  
  42  4:14  Drone  
  42  4:16  Drone  
  42  4:17  Hatchery  
  45  4:29  Queen  
  48  4:31  Drone  
  48  4:33  Drone x2  
  48  4:37  Baneling x2  
  50  4:50  Hatchery  
  49  5:10  Drone x2  
  49  5:12  Overlord x2  
  51  5:15  Drone x3  
  51  5:17  Lair  
  51  5:20  Extractor  
  53  5:26  Extractor  
  53  5:27  Extractor  
  51  5:29  Queen  
  53  5:40  Drone  
  53  5:41  Drone x8  
  62  5:49  Drone  
  63  5:50  Overlord  
  63  5:52  Drone x2  
  63  5:53  Drone x2  
  67  6:11  Extractor  
  66  6:12  Extractor  
  66  6:14  Drone  
  66  6:15  Drone  
  67  6:29  Queen  
  69  6:34  Spire  
  69  6:39  Evolution Chamber  
  67  6:40  Zergling x16  
  67  6:41  Zergling x22  
  86  6:50  Baneling x2  
  86  6:51  Baneling x8  
  86  6:55  Drone x3  
  86  6:56  Drone x2  
  86  6:59  Infestation Pit  
  90  7:09  Drone  
  90  7:10  Drone x5  
  90  7:13  Overlord x3  
  96  7:28  Overlord x3  
  96  7:38  Overlord x2  
  96  7:46  Mutalisk  
  96  7:47  Mutalisk x4  
  106  7:53  Drone, Hatchery  
  106  7:54  Drone x4  
  110  7:58  Drone  
  110  7:59  Drone x2  
  110  8:00  Drone x2  
  110  8:05  Baneling x2  
  115  8:09  Zerg Ground Armor Level 1  
  115  8:10  Centrifugal Hooks  
  115  8:17  Zerg Flyer Weapons Level 1  
  115  8:20  Hive  
  91  8:29  Mutalisk x4  
  91  8:30  Mutalisk  
  100  8:45  Spire  
  99  8:55  Drone  
  99  8:56  Drone x16  
  99  8:57  Drone x2  
  99  9:00  Extractor  
  99  9:01  Mutalisk, Extractor  
  99  9:02  Mutalisk  
  120  9:14  Queen  
  122  9:19  Mutalisk x6  
  134  9:41  Mutalisk x5  
  142  9:49  Zergling x2  
  142  9:50  Zergling x30  
  158  9:57  Mutalisk  
  158  10:02  Overlord x4  
  158  10:12  Ultralisk Cavern  
  157  10:20  Zergling x22  
  157  10:21  Zergling x4  
  169  10:43  Mutalisk x5  
Show
View Real Time Build Order
Export as new Build Order

인공지능 칸 (정예) Zerg 

Build Orders: Pool First, Zergling Baneling 

Get SALT Encoding   

  12  0:00  Drone  
  13  0:08  Drone  
  14  0:17  Overlord  
  14  0:35  Spawning Pool  
  13  0:36  Extractor  
  13  0:38  Drone  
  13  0:43  Drone  
  13  0:47  Drone  
  15  1:24  Zergling x2, Hatchery  
  15  1:25  Drone, Zergling x2  
  17  1:34  Zergling x2  
  18  1:47  Queen  
  18  1:52  Zergling x2  
  21  1:56  Zergling x2  
  22  2:07  Overlord  
  22  2:15  Baneling Nest  
  22  2:17  Drone  
  22  2:28  Zergling x2  
  23  2:36  Zergling x2  
  24  2:39  Zergling x2  
  25  2:47  Zergling x2  
  26  2:59  Baneling x3  
  26  3:00  Zergling x2, Baneling x2  
  26  3:01  Baneling x3  
  26  3:05  Zergling x2  
  28  3:10  Zergling x2  
  29  3:13  Zergling x2  
  30  3:22  Overlord  
  30  3:28  Zergling x2  
  30  3:33  Zergling x2  
  32  3:37  Zergling x2  
  33  3:42  Zergling x2  
  27  3:49  Baneling  
  27  3:52  Zergling x2  
  26  3:58  Zergling x2  
  25  4:04  Zergling x2  
  25  4:08  Baneling x2  
  27  4:10  Zergling x2  
  27  4:13  Zergling x2  
  28  4:20  Baneling x2  
  28  4:22  Drone  
  29  4:37  Roach Warren  
  28  4:46  Drone  
  28  4:49  Drone  
  30  4:53  Drone  
  30  4:58  Drone  
  32  5:05  Lair  
  32  5:19  Roach  
  34  5:29  Roach  
  34  5:35  Overlord  
  36  5:40  Roach  
  38  5:47  Roach  
  38  5:48  Extractor  
  38  5:49  Extractor  
  38  5:52  Drone  
  38  5:54  Drone  
  40  6:00  Roach  
  42  6:04  Hydralisk Den  
  42  6:06  Drone  
  42  6:11  Drone x2  
  44  6:17  Overlord  
  44  6:21  Drone  
  44  6:24  Drone  
  46  6:29  Drone  
  46  6:31  Roach  
  49  6:33  Hydralisk  
  51  6:40  Hydralisk  
  51  6:45  Drone  
  54  6:50  Overlord  
  54  6:54  Drone  
  54  6:57  Drone  
  54  7:00  Drone  
  57  7:04  Drone  
  57  7:08  Drone  
  59  7:10  Drone  
  59  7:13  Drone  
  61  7:19  Overlord  
  61  7:22  Drone  
  62  7:24  Drone  
  62  7:27  Drone  
  62  7:29  Drone  
  65  7:32  Drone  
  65  7:35  Drone  
  67  7:39  Drone  
  67  7:40  Overlord  
  67  7:43  Drone  
  69  7:45  Drone  
  69  7:47  Drone  
  71  7:51  Overseer  
  71  7:54  Drone  
  71  7:56  Drone  
  73  8:05  Drone  
  74  8:07  Drone  
  74  8:11  Drone, Overlord, Roach  
  74  8:12  Infestation Pit  
  77  8:17  Drone  
  77  8:18  Drone  
  69  8:27  Zergling x2  
  69  8:29  Roach  
  72  8:38  Roach  
  72  8:40  Evolution Chamber, Roach  
  75  8:42  Baneling  
  75  8:43  Drone, Hatchery, Baneling  
  75  8:46  Ravager  
  76  8:49  Infestor, Baneling  
  76  8:52  Zergling x2  
  76  8:53  Drone  
  80  8:56  Roach  
  80  9:00  Overlord  
  80  9:01  Infestor  
  84  9:04  Ravager  
  84  9:06  Evolution Chamber  
  84  9:11  Drone  
  84  9:12  Roach  
  84  9:14  Hydralisk  
  84  9:15  Hydralisk  
  91  9:19  Overlord  
  91  9:22  Baneling  
  91  9:23  Zergling x2, Baneling  
  91  9:24  Zergling x2, Baneling x2  
  93  9:31  Zerg Ground Armor Level 1  
  93  9:32  Extractor  
  93  9:34  Spire  
  78  9:47  Roach  
  78  9:50  Roach  
  77  9:56  Drone x3, Zergling x2, Overseer  
  77  9:57  Drone x3  
  75  10:04  Extractor  
  75  10:06  Zergling x2, Extractor, Roach  
  62  10:07  Roach  
  62  10:16  Hydralisk  
  62  10:17  Drone  
  62  10:18  Drone x2, Roach x2  
  71  10:27  Drone  
  72  10:29  Drone x2  
  68  10:37  Queen  
  68  10:38  Drone  
  68  10:39  Drone, Overlord  
  58  10:48  Hydralisk  
  57  10:52  Drone, Zergling x2  
  57  10:53  Mutalisk, Roach  
  52  10:59  Zergling x2  
  52  11:01  Roach  
  49  11:04  Roach  
Tags
 
Matchup
ZvZ
Race
Zerg
Replay Pack
새 폴더
Spawn Locations
Cross Positions
Add a new tag
Caveats
  • Supply blocks, unpowered buildings, or Contaminate may cause inaccurate times.
  • Supply counts are checked every 10 seconds.